 Dungeon Crawl Stone Soup version 0.24-a0-762-gca426f5 (webtiles) character file.

Game seed: 7854372763269258670, levelgen mode: deterministic

25 scarywalker64 the Digger (level 2, -7/20 HPs)
             Began as a Demigod Earth Elementalist on Oct 3, 2019.
             Mangled by an ogre
             ... wielding a +0 giant spiked club
              (8 damage)
             ... on level 2 of the Dungeon.
             The game lasted 00:02:55 (1072 turns).

scarywalker64 the Digger (DgEE)                     Turns: 1072, Time: 00:02:55

Health: -7/20      AC:  8    Str: 11    XL:     2   Next: 63%
Magic:  3/7        EV: 11    Int: 19    God:
Gold:   59         SH:  0    Dex: 16    Spells: 4/5 levels left

rFire    . . .     SeeInvis .   p - +0 short sword
rCold    . . .     Gourm    .   (no shield)
rNeg     . . .     Faith    .   f - +0 ring mail (curse)
rPois    +         Spirit   .   i - +2 helmet
rElec    .         Reflect  .   (no cloak)
rCorr    .         Harm     .   (no gloves)
MR       .....                  (no boots)
Stlth    +.........             (no amulet)
HPRegen  0.06/turn              r - ring of poison resistance
MPRegen  0.10/turn              (no ring)

@: very slightly contaminated
A: high mp 1
a: no special abilities


You were on level 2 of the Dungeon.
You were not hungry.

You visited 1 branch of the dungeon, and saw 2 of its levels.

You collected 59 gold pieces.

Inventory:

Hand Weapons
 h - a +0 hunting sling
 p - a +0 short sword (weapon)
Missiles
 b - 5 stones (quivered)
 o - 20 sling bullets
Armour
 c - a +0 robe
 e - a +0 helmet
 f - a cursed +0 ring mail (worn)
 i - a +2 helmet (worn)
Jewellery
 r - a ring of poison resistance (left hand)
Potions
 a - a potion of resistance {unknown}
 g - 2 potions of brilliance {unknown}
 j - a potion of mutation {unknown}
 k - a potion of flight {unknown}
 l - a potion of curing {unknown}
Comestibles
 d - 2 rations
 n - 4 chunks of flesh


   Skills:
 + Level 0.3 Armour
 + Level 1.7 Dodging
 + Level 1.8 Stealth
 * Level 2.1 Spellcasting
   Level 0.8 Transmutations
 * Level 3.3 Earth Magic


You had 4 spell levels left.
You knew the following spells:

 Your Spells              Type           Power        Failure   Level  Hunger
a - Sandblast             Erth           ##....       11%         1    #......

Your spell library contained the following spells:

 Spells                   Type           Power        Failure   Level  Hunger
 Passwall                 Tmut/Erth      ##......     26%         2    ##.....
 Stone Arrow              Conj/Erth      #.....       52%         3    ###....
 Petrify                  Tmut/Erth      ##......     86%         4    #####..
 Lee's Rapid Deconstruct  Erth           ##........   96%         5    ######.


Dungeon Overview and Level Annotations

Branches:
Dungeon (2/15)


Innate Abilities, Weirdness & Mutations

You have an increased reservoir of magic. (+10% MP)


Message History

b - 7 stones The ogre closely misses you.
Casting: Sandblast (safe; 11% risk of failure)
Confirm with . or Enter, or press ? or * to list all spells.
Aiming: Sandblast (safe; 11% risk of failure)
Press: ? - help, Shift-Dir - straight line, f/p - dart slug
Aim: a dart slug (heavily wounded)
The blast of sand hits the ogre.
The ogre is heavily wounded.
b - 6 stones
Casting: Sandblast (safe; 11% risk of failure)
Confirm with . or Enter, or press ? or * to list all spells.
Aiming: Sandblast (safe; 11% risk of failure)
Press: ? - help, Shift-Dir - straight line, f - ogre
Aim: an ogre, wielding a +0 giant spiked club (heavily wounded)
The blast of sand hits the ogre.
The ogre is severely wounded.
b - 5 stones The ogre hits you with a +0 giant spiked club!
You die...

#.#####*,* #.**,,,,,,,,,,,,*
#.#...#*,* #.**,*,*,****,***
#.#...##,* #.#*,*,*,* *,*
#.+.)..#,***#..,,*,*,* *,*
#.#....#,,,*#..***,*,* *,*
.......+,*,*#..* *,*,****,***
##.....#*♣.♣#..###,*,**,,,,,*
[.<##### #.##..O.#,*,**,*****
#.....# ♣.♣##.#@#,*,**,*
#..#.## #.....#.#,*,,*,*
.....# ♣.♣####.#,**,*,*
#....#####.#.....#,**,*,*
.....##..♣.♣.#####.**,*,*
......#.##.........#*,*,*
.#..#.....#..#......,,,,*
......#.#.#..#.#####*,***
##....#.#.#.....,,,,,,,,*


You could see an ogre.

Vanquished Creatures
  A dart slug (D:1)
  A bat (D:1)
  A goblin (D:2)
  4 hobgoblins
  3 frilled lizards (D:1)
  7 kobolds
  5 rats (D:1)
22 creatures vanquished.

Notes
Turn   | Place    | Note
-------+----------+-------------------------------------------
     0 | D:1      | scarywalker64 the Demigod Earth Elementalist began the
                  | quest for the Orb.
     0 | D:1      | Reached XP level 1. HP: 14/14 MP: 5/5
    56 | D:1      | Reached skill level 3 in Earth Magic
   268 | D:1      | Reached XP level 2. HP: 15/20 MP: 1/7
  1063 | D:2      | Noticed an ogre
  1068 | D:2      | HP: 1/20 [ogre/+0 giant spiked club (19)]
  1072 | D:2      | Mangled by an ogre

Levels and vault maps discovered:
D:1:      matt_arrival_debris, layout_loops_ring, minmay_misc_feat_more_columns
D:2:      minmay_alternating_diamond, layout_basic, good_gods_temple_1,
          serial_forest, infiniplex_forest_lined_room_2,
          infiniplex_forest_lined_3_way, infiniplex_forest_lined_2,
          infiniplex_forest_lined_room_2, infiniplex_forest_clump_long,
          uniq_sigmund, uniq_jessica

Skill      XL: |  1 |
---------------+----+-----
Earth Magic    | 3 |  3.3
Spellcasting   | 2 |  2.1
Armour         | |  0.3
Dodging        | |  1.7
Stealth        | |  1.8
Transmutations | |  0.8

Action                   || total
-------------------------++-------
Melee: Short sword       ||    19
 Cast: Sandblast         ||    26
  Use: Scroll            ||     2
  Eat: Chunk             ||     1
Armor: Ring mail         ||     6
Dodge: Dodged            ||    14

Table legend:
 A = Non-vault XP
 B = Vault XP
 C = Vault XP percentage of total XP
 D = Non-vault monster count
 E = Vault monster count
 F = Vault count percentage of total count
                 A         B        C        D         E       F
            +---------+---------+-------+---------+---------+-------
      Total |      32 |       4 |  11.1 |      20 |       2 |   9.1
            +---------+---------+-------+---------+---------+-------
        D:1 |      28 |       0 |   0.0 |      18 |       0 |   0.0
        D:2 |       4 |       4 |  50.0 |       2 |       2 |  50.0
            +---------+---------+-------+---------+---------+-------
